 Dungeon Crawl Stone Soup version 0.24.0-28-g17ded55e90 (webtiles) character file.

Game seed: 11661106932596297364, levelgen mode: deterministic

96 Empheia the Covered (level 4, -3/40 HPs)
             Began as a Minotaur Fighter on Nov 12, 2019.
             Slain by Sigmund
             ... wielding a +2 vampiric scythe
              (6 damage)
             ... on level 3 of the Dungeon.
             The game lasted 00:15:23 (1980 turns).

Empheia the Covered (Minotaur Fighter)              Turns: 1980, Time: 00:15:24

Health: -3/40      AC:  6    Str: 22    XL:     4   Next: 41%
Magic:  3/3        EV:  9    Int:  5    God:
Gold:   141        SH:  9    Dex:  9    Spells: 3/3 levels left

rFire    . . .     SeeInvis .   B - +0 flail (drain)
rCold    . . .     Gourm    .   c - +0 shield
rNeg     . . .     Faith    .   g - +0 ring mail (curse)
rPois    .         Spirit   .   (helmet restricted)
rElec    .         Reflect  .   y - +0 cloak (curse)
rCorr    +         Harm     .   (no gloves)
MR       .....                  (no boots)
Stlth    ..........             (no amulet)
HPRegen  0.13/turn              v - ring of resist corrosion
MPRegen  0.08/turn              p - +1 ring of evasion

@: drained
A: retaliatory headbutt, horns 2
a: no special abilities


You were on level 3 of the Dungeon.
You were hungry.

You visited 1 branch of the dungeon, and saw 3 of its levels.

You collected 141 gold pieces.

Inventory:

Hand Weapons
 a - a +0 war axe
 w - a +0 mace
 B - a +0 flail of draining (weapon)
Missiles
 l - 36 arrows
 m - 104 stones (quivered)
 n - 12 poisoned darts
 r - 21 bolts
Armour
 b - a +0 scale mail
 c - a +0 shield (worn)
 g - a cursed +0 ring mail (worn)
 o - a +0 chain mail
 y - a cursed +0 cloak (worn)
Jewellery
 i - an uncursed ring of see invisible
 p - a +1 ring of evasion (right hand)
 v - a ring of resist corrosion (left hand)
Wands
 x - a wand of random effects (29)
Scrolls
 e - a scroll of fear
 j - 2 scrolls of teleportation
 k - 2 scrolls of identify
 q - a scroll of enchant weapon {unknown}
 s - a scroll of magic mapping {unknown}
 A - a scroll of noise {unknown}
Potions
 d - a potion of might
 h - a potion of flight {unknown}
 t - a potion of lignification {unknown}
 u - a potion of curing {unknown}
 z - 2 potions of cancellation
Comestibles
 f - 5 rations


   Skills:
 + Level 4.2(3.2) Fighting
 + Level 4.0(3.0) Axes
 + Level 4.3(3.3) Armour
 + Level 0.6(0.0) Dodging
 + Level 4.2(3.3) Shields


You had 3 spell levels left.
You didn't know any spells.
Your spell library was empty.

Dungeon Overview and Level Annotations

Branches:
Dungeon (3/15)

Altars:

Annotations:
D:3 Sigmund


Innate Abilities, Weirdness & Mutations

You reflexively headbutt those who attack you in melee.
You have a pair of horns on your head.


Message History

That item cannot be evoked!
That item cannot be evoked!
Something hits you! Something hits you.
You are feeling hungry.
You hear a zap.
Something tries to affect you, but you resist.
Something hits you.
You miss something. You headbutt something. You block something's attack.
Your shield and ring mail prevent you from hitting something.
Something hits you but does no damage.
Your shield and ring mail prevent you from hitting something.
Something hits you.
* * * LOW HITPOINT WARNING * * *
You miss something. Your headbutt misses something.
Something completely misses you.
You closely miss something. Something hits you.
* * * LOW HITPOINT WARNING * * *
You miss something. You headbutt something. Something hits you.
You die...

####### ####
#.....######...##
###.###.)..........
.................#
###.#.#........#
#.....###.#..##### #
.#.####....{............
............@..##.#..####.
.....####.#.#.....#..#
.......<....#..####..#
.....####.###..# ..# ...
#........# ..# .
#.#.###..# ... #.#.# #..#
..# # #.# #... #.#


There were no monsters in sight!

Vanquished Creatures
  Terence (D:2)
  Robin (D:2)
  A dart slug (D:1)
  A leopard gecko (D:1)
  2 giant cockroaches
  10 goblins
  8 hobgoblins
  6 jackals (D:1)
  A quokka (D:2)
  6 bats
  A frilled lizard (D:1)
  5 kobolds
  11 rats
54 creatures vanquished.

Notes
Turn   | Place    | Note
-------+----------+-------------------------------------------
     0 | D:1      | Empheia the Minotaur Fighter began the quest for the Orb.
     0 | D:1      | Reached XP level 1. HP: 19/19 MP: 0/0
   137 | D:1      | Reached XP level 2. HP: 18/27 MP: 1/1
   430 | D:1      | Reached XP level 3. HP: 24/33 MP: 2/2
  1060 | D:2      | Noticed Robin
  1074 | D:2      | Killed Robin
  1129 | D:2      | Reached XP level 4. HP: 40/40 MP: 3/3
  1273 | D:2      | Noticed Terence
  1692 | D:2      | Killed Terence
  1941 | D:3      | Noticed Sigmund
  1980 | D:3      | Slain by Sigmund

Levels and vault maps discovered:
D:1:      dpeg_arrival_ratfight, layout_basic
D:2:      layout_basic, uniq_robin, uniq_terence
D:3:      layout_loops_ring, minitemple, minmay_three_crescents, uniq_sigmund

Skill      XL: |  1  2  3  4 |
---------------+-------------+-----
Fighting       | 4 |  4.2
Shields        | 4 |  4.2
Armour         | 4 |  4.3
Axes           | 3 4 |  4.0
Dodging        | |  0.6

Action                   |  1- 3 |  4- 6 || total
-------------------------+-------+-------++-------
Melee: War axe           |   101 |    14 ||   115
       Headbutt          |    10 |     4 ||    14
       Flail             |       |     6 ||     6
Throw: Stone             |       |     9 ||     9
  Use: Scroll            |     2 |     4 ||     6
       Potion            |       |     1 ||     1
  Eat: Chunk             |     1 |     2 ||     3
Armor: Ring mail         |    39 |     9 ||    48
       Scale mail        |     1 |       ||     1
Dodge: Dodged            |    31 |     7 ||    38
Block: Shield            |    46 |    11 ||    57
